[Event "49th Rilton Cup 2019-20"]
[Site "Stockholm"]
[Date "2020.01.04"]
[Round "8.13"]
[White "Oratovsky, Michael"]
[Black "Dragicevic, Drazen"]
[Result "0-1"]
[ECO "B31"]
[WhiteElo "2423"]
[BlackElo "2294"]
[Annotator "NA RC"]
[PlyCount "70"]
[EventDate "2019.12.27"]
[EventType "swiss"]
[EventCountry "SWE"]
[SourceTitle "playchess.com"]
[Source "ChessBase"]
[SourceQuality "1"]
[TimeControl "40/5400+30:1800+30"]

1. e4 c5 2. Nf3 Nc6 3. Bb5 g6 4. Bxc6 bxc6 5. O-O Bg7 6. Re1 Nh6 7. c3 O-O 8. d4 cxd4 9. cxd4 d5 10. e5 f6 11. e6 a5 12. Bf4 g5 13. Bg3 Nf5 $14 14. Qc2 Nxg3 15. hxg3 f5 16. g4 Qd6 17. gxf5 Qf4 18. Qxc6 Ra6 19. Qc2 g4 20. Ne5 Qxd4 21. Nf7 Qxb2 22. Nh6+ Kh8 23. Nf7+ Rxf7 24. Qxc8+ Rf8 25. Qxa6 Qxa1 26. Qxa5 Qd4 27. Qd2 g3 28. Rd1 gxf2+ 29. Kf1 Qg4 30. Qxd5 Rxf5 31. Qb3 Qh4 32. Rd8+ Bf8 33. Qh3 Qf4 34. Nd2 Qe5 35. Nf3 Rxf3 0-1

[Event "49th Rilton Cup 2019-20"]
[Site "Stockholm"]
[Date "2020.01.04"]
[Round "8.14"]
[White "Leenhouts, Koen"]
[Black "Percivaldi, Martin"]
[Result "1-0"]
[ECO "D31"]
[WhiteElo "2415"]
[BlackElo "2386"]
[Annotator "NA"]
[PlyCount "73"]
[EventDate "2019.12.27"]
[EventType "swiss"]
[EventCountry "SWE"]
[SourceTitle "playchess.com"]
[Source "ChessBase"]
[SourceQuality "1"]
[TimeControl "40/5400+30:1800+30"]

1. c4 e6 2. d4 d5 3. Nc3 c6 4. cxd5 exd5 5. Bf4 Qb6 6. Qd2 Nf6 7. O-O-O Bb4 8. f3 Be6 9. e3 O-O 10. Bd3 Rc8 11. Kb1 c5 12. Nge2 cxd4 $14 13. exd4 Nc6 14. Ka1 Bxc3 15. bxc3 Na5 16. Rb1 Qd8 17. Bg5 b6 18. h4 h6 19. Bxh6 gxh6 20. Qxh6 Rc6 21. Rh3 Bxh3 22. gxh3 Ng4 23. Qh7+ Kf8 24. hxg4 Qf6 25. g5 Qg7 26. Qf5 Qg6 27. Qxg6 fxg6 28. Nf4 Rxc3 29. Nxg6+ Kg7 30. Nf4 Re8 31. h5 Re3 32. h6+ Kg8 33. g6 Rcxd3 34. Nxd3 Nc4 35. Nf4 Rxf3 36. h7+ Kh8 37. Rg1 1-0

[Event "49th Rilton Cup 2019-20"]
[Site "Stockholm"]
[Date "2020.01.04"]
[Round "8.15"]
[White "Valkama, Eero"]
[Black "Lokander, Martin"]
[Result "0-1"]
[ECO "B12"]
[WhiteElo "2249"]
[BlackElo "2397"]
[Annotator "NA"]
[PlyCount "152"]
[EventDate "2019.12.27"]
[EventType "swiss"]
[EventCountry "SWE"]
[SourceTitle "playchess.com"]
[Source "ChessBase"]
[SourceQuality "1"]
[TimeControl "40/5400+30:1800+30"]

1. e4 c6 2. d4 d5 3. e5 c5 4. dxc5 Nc6 5. Bb5 e6 6. Be3 Nge7 7. c3 Bd7 8. Bxc6 Bxc6 9. Nf3 Nf5 10. Bd4 Nxd4 11. Qxd4 Qc7 12. b4 b6 13. cxb6 axb6 14. O-O Bb5 15. Rc1 Be7 16. Nbd2 O-O 17. Qe3 Rfc8 18. Nd4 Bd7 19. Rc2 Ba4 20. Rcc1 Ra7 21. f4 Bd7 22. Rc2 Ba4 23. Rcc1 Bd7 24. Rc2 Ba4 25. Rcc1 h6 26. N2f3 Bd7 27. a3 Rca8 28. Nc2 Ba4 29. Nfd4 Rc8 30. Ne1 Qb8 31. Nef3 Bd7 32. Ne2 Qb7 33. Ned4 Qa8 34. Nc2 Bd8 35. Kh1 Bb5 36. Nfd4 Bc4 37. Qg3 g6 38. Re1 Kh7 39. Qh3 Qb7 40. Ne3 Qc7 41. Ng4 h5 42. Nf2 Qe7 43. Nf3 d4 44. Ng5+ Kg7 45. Nfe4 Bd5 46. cxd4 Rc2 47. Rac1 Qc7 48. Rxc2 Qxc2 49. Qe3 Bxg5 50. fxg5 Bxe4 51. Qxe4 Qxe4 52. Rxe4 Rxa3 53. Kg1 Rb3 54. d5 exd5 55. Rd4 Kf8 56. Kf2 Ke7 57. Rxd5 Rxb4 58. Rd6 b5 59. Rb6 Rb3 60. h4 Rb4 61. g3 Rb3 62. Kg2 b4 63. Kf2 Rb1 64. Kg2 b3 65. Kh2 Kd7 66. Rf6 Ke7 67. Rb6 Rb2+ 68. Kg1 Kd7 69. Rd6+ Kc7 70. Rd3 Kc6 71. Re3 Kd5 72. Kh1 Kd4 73. Rf3 Kxe5 74. Kg1 Ke4 75. Rc3 Kd4 76. Rf3 Ke5 0-1

[Event "49th Rilton Cup 2019-20"]
[Site "Stockholm"]
[Date "2020.01.04"]
[Round "8.16"]
[White "Blomqvist, Erik"]
[Black "Serarols Mabras, Bernat"]
[Result "1-0"]
[ECO "A08"]
[WhiteElo "2537"]
[BlackElo "2356"]
[Annotator "ChessBase"]
[PlyCount "77"]
[EventDate "2019.12.27"]
[EventType "swiss"]
[EventCountry "SWE"]
[SourceTitle "playchess.com"]
[Source "ChessBase"]
[SourceQuality "1"]
[TimeControl "40/5400+30:1800+30"]

1. Nf3 d5 2. g3 Nf6 3. Bg2 c5 4. O-O e6 5. d3 Nc6 6. Nbd2 Be7 7. e4 O-O 8. Re1 Qc7 9. e5 Nd7 10. Qe2 b5 11. h4 a5 12. Nf1 Ba6 13. Bf4 Rfc8 14. Ne3 Qd8 15. Rad1 Nb6 16. Ng4 b4 17. Bg5 c4 18. Qe3 cxd3 19. cxd3 Nd7 20. Qf4 Ra7 21. h5 Nc5 22. Bf6 Nxd3 23. Qg5 Qf8 24. h6 g6 25. Qh4 Nxe1 26. Rxe1 Bxf6 27. Nxf6+ Kh8 28. Ng5 Ne7 29. Qf4 Ng8 30. Ngxh7 Qxh6 31. Ng5 Rc4 32. Qd2 Qf8 33. Bf1 Rcc7 34. Bxa6 Rxa6 35. Kg2 Nxf6 36. exf6 Kg8 37. Rh1 d4 38. Qf4 Qa8+ 39. Nf3 1-0

[Event "49th Rilton Cup 2019-20"]
[Site "Stockholm"]
[Date "2020.01.04"]
[Round "8.17"]
[White "Valsecchi, Alessio"]
[Black "Hobber, Anders"]
[Result "1/2-1/2"]
[ECO "A06"]
[WhiteElo "2503"]
[BlackElo "2357"]
[Annotator "ChessBase"]
[PlyCount "66"]
[EventDate "2019.12.27"]
[EventType "swiss"]
[EventCountry "SWE"]
[SourceTitle "playchess.com"]
[Source "ChessBase"]
[SourceQuality "1"]
[TimeControl "40/5400+30:1800+30"]

1. Nf3 d5 2. g3 c6 3. Bg2 Bf5 4. O-O e6 5. d3 h6 6. b3 Nf6 7. Bb2 Be7 8. Nbd2 O-O 9. c4 Bh7 10. Rc1 a5 11. a3 Qb6 12. Rc2 Rd8 13. Qa1 c5 14. cxd5 exd5 15. Ne5 a4 16. bxa4 Rxa4 17. e4 Nc6 18. Nxc6 bxc6 19. Re1 Qa7 20. h3 c4 21. dxc4 Bxa3 22. Bxf6 Be7 23. Qc1 Bxf6 24. cxd5 Ra1 25. Nb1 Bg5 26. Qd1 cxd5 27. h4 Bf6 28. Rd2 Rb8 29. Qc2 Qb7 30. Rdd1 Bxe4 31. Bxe4 dxe4 32. Nc3 Rxd1 33. Nxd1 Re8 1/2-1/2

[Event "49th Rilton Cup 2019-20"]
[Site "Stockholm"]
[Date "2020.01.04"]
[Round "8.18"]
[White "Pavlovic, Milos"]
[Black "Soumya, Swaminathan"]
[Result "1/2-1/2"]
[ECO "D11"]
[WhiteElo "2480"]
[BlackElo "2384"]
[Annotator "ChessBase"]
[PlyCount "110"]
[EventDate "2019.12.27"]
[EventType "swiss"]
[EventCountry "SWE"]
[SourceTitle "playchess.com"]
[Source "ChessBase"]
[SourceQuality "1"]
[TimeControl "40/5400+30:1800+30"]

1. d4 d5 2. Nf3 Nf6 3. c4 c6 4. e3 Bg4 5. Nbd2 e6 6. Bd3 Nbd7 7. Qc2 Bd6 8. b3 Qe7 9. Bb2 e5 10. dxe5 Nxe5 11. Nxe5 Bxe5 12. Bxe5 Qxe5 13. O-O O-O 14. h3 Bh5 15. cxd5 Qxd5 16. Ne4 Nxe4 17. Bxe4 Bg6 18. Bxg6 hxg6 19. Rad1 Qe6 20. Rd4 Rad8 21. Rfd1 Qe7 22. Qd2 Rxd4 23. Qxd4 c5 24. Qa4 Rd8 25. Rxd8+ Qxd8 26. Qxa7 Qd1+ 27. Kh2 Qd6+ 28. f4 b6 29. Qb7 f5 30. Qa6 Kh7 31. a4 Qe6 32. Qd3 Kh6 33. Kg3 g5 34. Kf2 gxf4 35. exf4 g6 36. Qe3 Qd5 37. g4 Kh7 38. Kg3 fxg4 39. hxg4 c4 40. bxc4 Qxc4 41. Qe7+ Kg8 42. Qf6 Qb3+ 43. Kh4 Qxa4 44. Qxg6+ Kf8 45. Qd6+ Ke8 46. f5 b5 47. Qe6+ Kf8 48. Kg5 Qd4 49. f6 Qd2+ 50. Kh5 Qh2+ 51. Kg6 Qc2+ 52. Qf5 Qc4 53. Kh6 b4 54. Qe5 Qc1+ 55. g5 Qh1+ {[%emt 0:00:51] Kh5} 1/2-1/2

[Event "49th Rilton Cup 2019-20"]
[Site "Stockholm"]
[Date "2020.01.04"]
[Round "8.19"]
[White "Savanovic, Aleksandar"]
[Black "Vestby-Ellingsen, Mads"]
[Result "1/2-1/2"]
[ECO "B47"]
[WhiteElo "2420"]
[BlackElo "2346"]
[Annotator "NA"]
[PlyCount "109"]
[EventDate "2019.12.27"]
[EventType "swiss"]
[EventCountry "SWE"]
[SourceTitle "playchess.com"]
[Source "ChessBase"]
[SourceQuality "1"]
[TimeControl "40/5400+30:1800+30"]

1. e4 c5 2. Nf3 e6 3. d4 cxd4 4. Nxd4 Nc6 5. Nc3 Qc7 6. Be2 Nf6 7. O-O Be7 8. Be3 d6 9. f4 O-O 10. Kh1 Nxd4 11. Qxd4 b6 12. f5 e5 13. Qd3 Bb7 14. Bf3 Rac8 15. Bg5 Rfd8 16. Bxf6 Bxf6 17. Rf2 $11 Qc5 18. Re2 Rd7 19. a3 Qc4 20. Qxc4 Rxc4 21. Rd1 Rd4 22. Red2 Rxd2 23. Rxd2 Bg5 24. Rd1 Kf8 25. g3 Ke7 26. Ne2 Rc7 27. h4 Bh6 28. c3 Rc4 29. Kg2 Bxe4 30. Bxe4 Rxe4 31. Kf3 Rc4 32. b3 e4+ 33. Kf2 Rc5 34. g4 f6 35. b4 Rc8 36. Rd4 e3+ 37. Kf3 b5 38. Rd5 a6 39. a4 bxa4 40. Ra5 Rc6 41. Rxa4 Kd7 42. Ra3 Kc8 43. Nd4 Rc4 44. Ke2 Kb7 45. Kd3 d5 46. Ra5 e2 47. Nxe2 Rxg4 48. Rxd5 Rxh4 49. Rd7+ Kc6 50. Ra7 Kb6 51. Re7 Bf4 52. Re6+ Kb7 53. Re7+ Kb6 54. Re6+ Kb7 55. Re7+ 1/2-1/2

[Event "49th Rilton Cup 2019-20"]
[Site "Stockholm"]
[Date "2020.01.04"]
[Round "8.20"]
[White "Piesik, Piotr"]
[Black "Zadruzny, Nicolaj"]
[Result "1/2-1/2"]
[ECO "D37"]
[WhiteElo "2417"]
[BlackElo "2338"]
[Annotator "NA"]
[PlyCount "62"]
[EventDate "2019.12.27"]
[EventType "swiss"]
[EventCountry "SWE"]
[SourceTitle "playchess.com"]
[Source "ChessBase"]
[SourceQuality "1"]
[TimeControl "40/5400+30:1800+30"]

1. d4 Nf6 2. c4 e6 3. Nf3 d5 4. Nc3 Be7 5. Bf4 O-O 6. e3 Nbd7 7. Qc2 c5 8. dxc5 Nxc5 9. Be2 dxc4 10. Bxc4 a6 11. Ne5 Ncd7 12. O-O Nxe5 13. Bxe5 Qa5 14. Bxf6 Bxf6 15. Ne4 Be7 16. Rfd1 $11 Qc7 17. Bb3 Qxc2 18. Bxc2 b5 19. a4 bxa4 20. Rxa4 Rb8 21. b3 Bb4 22. Nd2 Rd8 23. Nc4 Rxd1+ 24. Bxd1 a5 25. Ra1 Rb5 26. Be2 Rc5 27. f3 Kf8 28. Nb6 Ke7 29. Nxc8+ Rxc8 30. Rd1 Rc3 31. Rd3 Rxd3 1/2-1/2

[Event "49th Rilton Cup 2019-20"]
[Site "Stockholm"]
[Date "2020.01.04"]
[Round "8.21"]
[White "Haug, Johannes"]
[Black "Chernyak, Viktoria"]
[Result "1/2-1/2"]
[ECO "E15"]
[WhiteElo "2407"]
[BlackElo "2284"]
[Annotator "RC"]
[PlyCount "61"]
[EventDate "2019.12.27"]
[EventType "swiss"]
[EventCountry "SWE"]
[SourceTitle "playchess.com"]
[Source "ChessBase"]
[SourceQuality "1"]
[TimeControl "40/5400+30:1800+30"]

1. d4 Nf6 2. c4 e6 3. Nf3 b6 4. g3 Bb7 5. Bg2 g6 6. Nc3 Ne4 7. Bd2 Bg7 8. Qc2 Nxd2 9. Qxd2 d6 10. e4 Nd7 11. O-O O-O 12. Rad1 Qe7 13. Rfe1 a6 14. b3 Rfd8 15. d5 Re8 16. Nd4 Nf8 17. f4 e5 18. Nc2 Bc8 19. Rf1 exf4 20. gxf4 Qh4 21. Rde1 Bh3 22. Nd1 Nd7 23. Re3 Bxg2 24. Qxg2 a5 25. Qg3 Qxg3+ 26. hxg3 Re7 27. Kg2 Rae8 28. Kf3 h5 29. Nf2 Nc5 30. Rfe1 Bf6 31. Rh1 1/2-1/2

[Event "49th Rilton Cup 2019-20"]
[Site "Stockholm"]
[Date "2020.01.04"]
[Round "8.22"]
[White "Balokas, Dimitrios"]
[Black "Spyropoulos, Nikolaos"]
[Result "0-1"]
[ECO "A04"]
[WhiteElo "2209"]
[BlackElo "2401"]
[Annotator "NA"]
[PlyCount "68"]
[EventDate "2019.12.27"]
[EventType "swiss"]
[EventCountry "SWE"]
[SourceTitle "playchess.com"]
[Source "ChessBase"]
[SourceQuality "1"]
[TimeControl "40/5400+30:1800+30"]

1. Nf3 e6 2. c4 f5 3. d4 Nf6 4. g3 c6 5. Bg2 d5 6. O-O Bd6 7. Nc3 O-O 8. Rb1 Qe7 9. Bg5 Nbd7 10. e3 b6 11. cxd5 exd5 $14 12. Qc2 g6 13. Ne2 Bb7 14. Bf4 Ne4 15. Bxd6 Qxd6 16. Nf4 Rac8 17. b4 Ba6 18. Rfc1 Bc4 19. Nd3 b5 20. Nfe5 Bxd3 21. Nxd3 Nb6 22. Ne5 Nc4 23. Nxc4 bxc4 24. Qa4 Rb8 25. f3 Nf6 26. Qxa7 Ra8 27. Qc5 Qe6 28. b5 cxb5 29. e4 fxe4 30. Re1 Nd7 31. Qxb5 Rxa2 32. fxe4 Rff2 33. Bh1 Qh3 34. Qxd5+ Kg7 0-1

[Event "49th Rilton Cup 2019-20"]
[Site "Stockholm"]
[Date "2020.01.04"]
[Round "8.23"]
[White "Koykka, Pekka"]
[Black "Quesada Vera, Liordis"]
[Result "1-0"]
[ECO "A59"]
[WhiteElo "2372"]
[BlackElo "2391"]
[Annotator "NA"]
[PlyCount "67"]
[EventDate "2019.12.27"]
[EventType "swiss"]
[EventCountry "SWE"]
[SourceTitle "playchess.com"]
[Source "ChessBase"]
[SourceQuality "1"]
[TimeControl "40/5400+30:1800+30"]

1. d4 Nf6 2. c4 c5 3. d5 b5 4. cxb5 a6 5. bxa6 g6 6. Nc3 Bxa6 7. e4 Bxf1 8. Kxf1 d6 9. Nf3 Bg7 10. g3 O-O 11. Kg2 Nbd7 12. a4 Ra6 13. Qc2 Qa8 14. Nb5 Qb7 15. Bd2 e6 $11 16. dxe6 fxe6 17. Rhe1 d5 18. exd5 exd5 19. Bf4 Ne4 20. Nc7 g5 21. Nxa6 gxf4 22. Rad1 fxg3 23. hxg3 Bd4 24. Nc7 Ne5 25. Rxd4 Nxf3 26. Rexe4 dxe4 27. Qc4+ Kh8 28. Qxc5 Rc8 29. Rd7 e3 30. Qc3+ Ne5+ 31. Kh2 Qe4 32. Re7 Rxc7 33. Re8+ Kg7 34. Qxc7+ 1-0

[Event "49th Rilton Cup 2019-20"]
[Site "Stockholm"]
[Date "2020.01.04"]
[Round "8.24"]
[White "Schoppen, Casper"]
[Black "Ajay Krishna, S."]
[Result "0-1"]
[ECO "B92"]
[WhiteElo "2507"]
[BlackElo "2302"]
[Annotator "ChessBase"]
[PlyCount "110"]
[EventDate "2019.12.27"]
[EventType "swiss"]
[EventCountry "SWE"]
[SourceTitle "playchess.com"]
[Source "ChessBase"]
[SourceQuality "1"]
[TimeControl "40/5400+30:1800+30"]

1. e4 c5 2. Nf3 d6 3. d4 cxd4 4. Nxd4 Nf6 5. Nc3 a6 6. Be2 e5 7. Nf3 Be7 8. Bg5 Nbd7 9. a4 h6 10. Bxf6 Nxf6 11. Bc4 O-O 12. O-O Be6 13. Qd3 Rc8 14. Bb3 Qa5 15. Nd2 Rfd8 16. Rfe1 Rd7 17. Nd5 Bxd5 18. exd5 Bd8 19. Nc4 Qc5 20. Ne3 g6 21. c3 Nh7 22. Bc2 f5 23. Qd2 Rf7 24. a5 Be7 25. Ra4 Rcf8 26. b4 Qc8 27. f3 Bg5 28. c4 e4 29. Qf2 exf3 30. gxf3 Bxe3 31. Qxe3 Qxc4 32. Bb3 Qh4 33. b5 f4 34. Qf2 Ng5 35. Qxh4 Nxf3+ 36. Kf2 Nxh4 37. b6 g5 38. Re6 g4 39. Bd1 Rg7 40. Rxh6 g3+ 41. hxg3 fxg3+ 42. Kg1 g2 43. Rh8+ Kxh8 44. Rxh4+ Rh7 45. Rxh7+ Kxh7 46. Kxg2 Rc8 47. Ba4 Rc5 48. Bc6 Rxa5 49. Bxb7 Ra2+ 50. Kf3 a5 51. Bc6 Rb2 52. b7 Kg6 53. Ke4 Kf6 54. Kd4 Rb4+ 55. Kc3 Ke7 0-1

[Event "49th Rilton Cup 2019-20"]
[Site "Stockholm"]
[Date "2020.01.05"]
[Round "9.3"]
[White "Hillarp Persson, Tiger"]
[Black "Gagare, Shardul"]
[Result "1/2-1/2"]
[ECO "A06"]
[WhiteElo "2537"]
[BlackElo "2468"]
[Annotator "ChessBase"]
[PlyCount "91"]
[EventDate "2019.12.27"]
[EventType "swiss"]
[EventCountry "SWE"]
[SourceTitle "playchess.com"]
[Source "ChessBase"]
[SourceQuality "1"]
[TimeControl "30/5400+30:1800+30"]

1. Nf3 d5 2. g3 g6 3. Bg2 Bg7 4. O-O e5 5. d3 Ne7 6. e4 O-O 7. exd5 Nxd5 8. Re1 Nc6 9. Nc3 Nxc3 10. bxc3 Bg4 11. Rb1 Rb8 12. Bd2 h6 13. Qc1 Qf6 14. Re3 Rfe8 15. h3 Bd7 16. h4 b5 17. Re4 Bf5 18. Nh2 Bxe4 19. Bxe4 h5 20. a4 bxa4 21. Ra1 Rb6 22. Rxa4 Reb8 23. Ra1 a5 24. Nf3 Qd6 25. Ng5 f6 26. Nh3 Ne7 27. Kh2 Ra6 28. Ra4 Qd7 29. Qa1 Kh7 30. d4 exd4 31. cxd4 Bh6 32. Bxh6 Kxh6 33. Rxa5 Rxa5 34. Qxa5 Qxd4 35. Qxc7 Qd8 36. Qc3 Qd6 37. Qe3+ Kg7 38. Nf4 Rb4 39. Bd3 Qe5 40. Ne6+ Kg8 41. Qxe5 fxe5 42. Ng5 Kg7 43. Kg2 Nf5 44. Kf3 Nd6 45. Ne4 Nxe4 46. Bxe4 1/2-1/2

[Event "49th Rilton Cup 2019-20"]
[Site "Stockholm"]
[Date "2020.01.05"]
[Round "9.16"]
[White "Ippolito, Dean"]
[Black "Valsecchi, Alessio"]
[Result "1-0"]
[ECO "D30"]
[WhiteElo "2356"]
[BlackElo "2503"]
[Annotator "ChessBase"]
[PlyCount "95"]
[EventDate "2019.12.27"]
[EventType "swiss"]
[EventCountry "SWE"]
[SourceTitle "playchess.com"]
[Source "ChessBase"]
[SourceQuality "1"]
[TimeControl "30/5400+30:1800+30"]

1. d4 d5 2. c4 e6 3. Nf3 Nf6 4. g3 Bb4+ 5. Bd2 Bd6 6. Nc3 c6 7. Qc2 Nbd7 8. e4 Nxe4 9. Nxe4 dxe4 10. Qxe4 c5 11. Bc3 Nf6 12. Qc2 cxd4 13. Nxd4 a6 14. Bg2 O-O 15. O-O Qc7 16. b3 Bd7 17. a4 Rac8 18. a5 Rfe8 19. Rfe1 Bc5 20. Nf3 Ng4 21. Re2 Bc6 22. Ng5 f5 23. Nxe6 Rxe6 24. Rxe6 Bxf2+ 25. Kh1 Qf7 26. Bxc6 Qh5 27. h4 bxc6 28. Qd3 Bxg3 29. Qxg3 f4 30. Qe1 Ne3 31. Rxe3 fxe3 32. Qg3 g6 33. Qxe3 Qxh4+ 34. Kg2 Qg4+ 35. Qg3 Qe4+ 36. Kg1 Rf8 37. Re1 Qf5 38. Bd4 h5 39. Re7 Rd8 40. Bf2 Rf8 41. b4 Qc2 42. c5 Qb1+ 43. Re1 Qc2 44. Qe3 Qb2 45. Qe6+ Kg7 46. Qd7+ Kh6 47. Be3+ g5 48. Bd4 1-0

[Event "49th Rilton Cup 2019-20"]
[Site "Stockholm"]
[Date "2020.01.05"]
[Round "9.23"]
[White "Percivaldi, Martin"]
[Black "Torngren, Gustav"]
[Result "1-0"]
[ECO "A45"]
[WhiteElo "2403"]
[BlackElo "2255"]
[Annotator "NA"]
[PlyCount "51"]
[EventDate "2019.12.27"]
[EventType "swiss"]
[EventCountry "SWE"]
[SourceTitle "playchess.com"]
[Source "ChessBase"]
[SourceQuality "1"]
[TimeControl "30/5400+30:1800+30"]

1. d4 Nf6 2. Bg5 d5 3. e3 c5 4. c3 Nc6 5. Nd2 b6 6. Bd3 Bb7 7. f4 g6 8. Ngf3 Bg7 9. O-O Qc7 10. Ne5 Nd7 11. Bh4 Ndxe5 12. fxe5 O-O 13. Nf3 f6 14. exf6 exf6 15. dxc5 bxc5 16. e4 dxe4 17. Bxe4 Kh8 18. Qa4 Rfe8 19. Rad1 f5 20. Bd5 Ne5 21. Nxe5 Bxe5 22. Bxb7 Qxb7 23. Rd7 Qb8 24. Qc4 Rg8 25. Re1 Rg7 26. Rd8+ 1-0